 Dungeon Crawl Stone Soup version 0.20.1-1-g8b1a95d (webtiles) character file.

499 Gremour the Slasher (level 6, -5/51 HPs)
             Began as a Draconian Monk on Nov 4, 2017.
             Was a Believer of Okawaru.
             Splashed by a jelly's acid (8 damage)
             ... on level 4 of the Dungeon.
             The game lasted 00:20:50 (3715 turns).

Gremour the Slasher (Draconian Monk)                Turns: 3715, Time: 00:20:51

Health: -5/51      AC: -5    Str: 14    XL:     6   Next: 94%
Magic:  6/6        EV: 13    Int: 15    God:    Okawaru [**....]
Gold:   183        SH:  0    Dex: 15    Spells: 5/5 levels left

rFire    . . .     SeeInvis +   b - +4 Vampire's Tooth {vamp}
rCold    . . .     Gourm    .   (no shield)
rNeg     . . .     Faith    .   (armour unavailable)
rPois    .         Spirit   .   (helmet restricted)
rElec    .         Reflect  .   (no cloak)
rCorr    .         Harm     .   (no gloves)
MR       .....                  y - +0 pair of boots
Stlth    ++........             (no amulet)
Regen    0.2/turn               m - ring of see invisible
MPRegen  0.1/turn               (no ring)

@: brilliant, corroded, hasted, very quick
A: unfitting armour, cold-blooded, AC +6
a: Heroism, Renounce Religion


You were on level 4 of the Dungeon.
You worshipped Okawaru.
Okawaru was pleased with you.
You were hungry.

You visited 1 branch of the dungeon, and saw 4 of its levels.
You also visited: Sewer.

You collected 183 gold pieces.

Inventory:

Hand Weapons
 a - a +0 falchion
 b - the +4 Vampire's Tooth (weapon) {vamp}
   (You found it on level 4 of the Dungeon)

   It inflicts no extra harm, but heals its wielder when it wounds a living foe.
Missiles
 c - 102 stones
 p - 4 tomahawks (quivered)
Armour
 y - a +0 pair of boots (worn)
Jewellery
 m - a ring of see invisible (left hand)
Wands
 h - a wand of confusion (27/48)
 s - a wand of iceblast (10/15)
 t - a wand of disintegration (14/24)
Scrolls
 d - 3 scrolls of identify
 e - 5 scrolls of remove curse {unknown}
 k - a scroll of enchant armour {unknown}
 l - a scroll of enchant weapon {unknown}
 n - a scroll of fear {unknown}
 u - 3 scrolls of teleportation
 v - a scroll of magic mapping {unknown}
 x - a scroll of immolation {unknown}
 z - 2 scrolls of recharging {unknown}
Potions
 i - a potion of brilliance
 j - 6 potions of flight
 o - a potion of ambrosia {unknown}
 q - a potion of curing {unknown}
Books
 r - a book of Changes

   Spells                             Type                      Level
   a - Beastly Appendage              Transmutation                1
   b - Sticks to Snakes               Transmutation                2
   c - Spider Form                    Transmutation/Poison         3
   d - Ice Form                       Ice/Transmutation            4
   e - Blade Hands                    Transmutation                5
Comestibles
 w - a bread ration


   Skills:
 - Level 3.2 Fighting
 * Level 7.9 Long Blades
 - Level 2.7 Dodging
 - Level 1.7 Stealth
 + Level 0.2 Invocations


You had 5 spell levels left.
You didn't know any spells.

Dungeon Overview and Level Annotations

Branches:
Dungeon (4/15)
 Temple: D:4-7

Altars:
Dithmenos
Nemelex Xobeh
Okawaru


Innate Abilities, Weirdness & Mutations

Your plain brown scales are hard. (AC +6)
You cannot fit into any form of body armour.
You are cold-blooded and may be slowed by cold attacks.


Message History

You hit the jelly but do no damage.
Your hands burn!
The jelly is almost dead.
The jelly barely misses you.
You hit the jelly but do no damage.
Your hands burn!
You tail-slap the jelly, but do no damage.
The jelly is almost dead.
The jelly misses you.
You hit the jelly but do no damage.
Your hands burn!
* * * LOW HITPOINT WARNING * * *
The jelly is almost dead.
It was a potion of brilliance.
You feel clever all of a sudden. The jelly hits you.
* * * LOW HITPOINT WARNING * * *
You are splashed with acid!
The acid burns!
* * * LOW HITPOINT WARNING * * *
It was a potion of haste.
You feel yourself speed up. The jelly hits you.
* * * LOW HITPOINT WARNING * * *
You are splashed with acid!
The acid burns!
You die...

# #........ ## ###.
#..(##### #. ...#####.#
# ##.## ...#...## #
##...## ###.#....## #
#.....###.........###
####....................
..$.......##.##.........
####.J@#.##.##.......##
##.##.##.##...<.....
#.##.##.##.#...####
#....##.##.........
#.............#####
#.#####.####### # #% #.#
# #. #.# # #.# #


You could see a jelly.

Vanquished Creatures
  2 vampire bats (D:4)
  A hound (D:4)
  An orc priest (D:3)
  An orc wizard (D:3)
  Ijyb (D:4)
  A merfolk siren (Sewer)
  A worker ant (D:3)
  A merfolk avatar (Sewer)
  8 adders
  3 gnolls (D:3)
  A river rat (Sewer)
  An ooze (D:1)
  A worm (D:3)
  4 dart slugs
  3 leopard geckos
  7 orcs (D:3)
  6 giant cockroaches
  4 goblins
  11 hobgoblins
  5 kobolds
  3 quokkas
  6 ball pythons
  12 bats
  10 frilled lizards
  29 rats
123 creatures vanquished.

Notes
Turn   | Place    | Note
-------+----------+-------------------------------------------
     0 | D:1      | Gremour the Draconian Monk began the quest for the Orb.
     0 | D:1      | Reached XP level 1. HP: 19/19 MP: 1/1
   469 | D:1      | Reached XP level 2. HP: 26/26 MP: 2/2
   760 | D:1      | Reached skill level 4 in Long Blades
   894 | D:2      | Reached XP level 3. HP: 24/31 MP: 3/3
   984 | D:2      | Found a sparkling altar of Nemelex Xobeh.
   984 | D:2      | Found a shadowy altar of Dithmenos.
  1433 | D:2      | Reached XP level 4. HP: 35/38 MP: 4/4
  1437 | D:2      | Reached skill level 5 in Long Blades
  1706 | D:3      | Found a shadowy altar of Dithmenos.
  1816 | D:3      | Found an iron altar of Okawaru.
  1821 | D:3      | Became a worshipper of Warmaster Okawaru
  1821 | D:3      | Reached * piety under Okawaru
  1821 | D:3      | Reached ** piety under Okawaru
  1874 | D:3      | Reached XP level 5. HP: 27/45 MP: 5/5
  2087 | D:3      | Reached skill level 6 in Long Blades
  2629 | D:4      | Reached XP level 6. HP: 32/51 MP: 6/6
  2633 | D:4      | Reached skill level 7 in Long Blades
  2775 | D:4      | Noticed Ijyb
  2798 | D:4      | Killed Ijyb
  2968 | D:4      | Found a glowing drain.
  2995 | Sewer    | Entered a sewer
  3715 | D:4      | Splashed by a jelly's acid

Skill      XL: |  1  2  3  4  5  6 |
---------------+-------------------+-----
Long Blades    | 4 5 6 7 |  7.9
Fighting       | |  3.2
Dodging        | |  2.7
Stealth        | |  1.7
Invocations    | |  0.2

Action                   |  1- 3 |  4- 6 || total
-------------------------+-------+-------++-------
Melee: Falchion          |    82 |   156 ||   238
       Tailslap          |    15 |    43 ||    58
       Dagger            |       |   152 ||   152
Invok: Heroism           |       |     1 ||     1
Evoke: Wand              |       |     1 ||     1
  Use: Potion            |       |     4 ||     4
       Scroll            |       |     2 ||     2
 Stab: Sleeping          |     3 |     7 ||    10
       Distracted        |       |     1 ||     1
  Eat: Chunk             |     2 |     5 ||     7
       Bread ration      |       |     1 ||     1
       Royal jelly       |       |     1 ||     1
Armor: Skin              |    18 |    89 ||   107
Dodge: Dodged            |    42 |   174 ||   216
       Rpst.: Falchion   |    17 |    27 ||    44
